 Dungeon Crawl Stone Soup version 0.19-b1-5-gdc9fa9d (webtiles) character file.

659 scalarboson the Arsonist (level 7, -8/36 HPs)
             Began as a Tengu Fire Elementalist on Oct 31, 2016.
             Was an Initiate of Vehumet.
             Mangled by an ogre
             ... wielding a +0 giant club
              (14 damage)
             ... on level 5 of the Dungeon.
             The game lasted 00:18:40 (5283 turns).

scalarboson the Arsonist (Tengu Fire Elementalist)  Turns: 5283, Time: 00:18:41

Health: -8/36      AC:  8    Str:  8    XL:     7   Next: 55%
Magic:  11/11      EV: 12    Int: 16    God:    Vehumet [......]
Gold:   320        SH:  0    Dex: 14    Spells: 2 memorised, 4 levels left

rFire  . . .     SeeInvis .     k - +1 dagger (drain)
rCold  . . .     Gourm    .     a - +0 robe
rNeg   + . .     Faith    .     (no shield)
rPois  +         Spirit   .     (helmet restricted)
rElec  .         Reflect  .     n - +2 ratskin cloak {rPois rN+ Int-1 Dex-1}
rCorr  .         Harm     .     e - +2 pair of gloves
MR     .....                    (boots unavailable)
Stlth  ++........               (no amulet)
                                (no ring)
                                (no ring)

@: no status effects
A: beak, talons 3, able to fly 1
a: Fly, Renounce Religion


You were on level 5 of the Dungeon.
You worshipped Vehumet.
Vehumet was noncommittal.
You were not hungry.

You visited 2 branches of the dungeon, and saw 6 of its levels.

You collected 320 gold pieces.

Inventory:

Hand Weapons
 k - a +1 dagger of draining (weapon)
Armour
 a - a +0 robe (worn)
 e - a +2 pair of gloves (worn)
 n - the +2 ratskin cloak (worn) {rPois rN+ Int-1 Dex-1}
   (You found it on level 5 of the Dungeon)

   It affects your intelligence (-1).
   It affects your dexterity (-1).
   It protects you from poison.
   It protects you from negative energy.
Jewellery
 l - an uncursed ring of protection from cold
Scrolls
 i - 6 scrolls of identify
 o - a scroll of remove curse
Potions
 c - a potion of heal wounds
 m - a potion of lignification {unknown}
Books
 b - a book of Flames

   Spells                             Type                      Level
   a - Flame Tongue                   Conjuration/Fire             1
   b - Throw Flame                    Conjuration/Fire             2
   c - Conjure Flame                  Conjuration/Fire             3
   d - Inner Flame                    Hexes/Fire                   3
   e - Sticky Flame                   Conjuration/Fire             4
   f - Fireball                       Conjuration/Fire             5
Comestibles
 d - a beef jerky
 f - a bread ration
 g - 3 royal jellies
 h - 2 meat rations
 j - 8 fruits


   Skills:
 - Level 2.1 Dodging
 - Level 2.0 Stealth
 - Level 2.0 Spellcasting
 - Level 4.2 Conjurations
 + Level 8.7 Fire Magic


You had 4 spell levels left.
You knew the following spells:

 Your Spells              Type           Power        Failure   Level  Hunger
a - Flame Tongue          Conj/Fire      ###..        1%          1    #......
b - Fireball              Conj/Fire      ###.......   50%         5    ######.


Dungeon Overview and Level Annotations

Branches:
Dungeon (5/15)             Temple (1/1) D:4

Altars:
Ashenzari
Cheibriados
Dithmenos
Elyvilon
Fedhas
Gozag
Hepliaklqana
Makhleb
Nemelex Xobeh
Qazlal
Ru
Sif Muna
Trog
Uskayaw
Vehumet
Xom
Zin
The Shining One


Innate Abilities, Weirdness & Mutations

You have a beak for a mouth.
You have claws for feet.
You can fly.


Message History

Your magical contamination has completely faded away.
There is an open door here.
Found 4 gold pieces.
A centaur comes into view.
Found a short sword.
The centaur wields a shortbow.
The centaur shoots an arrow.
The arrow barely misses you.
The centaur shoots an arrow.
The arrow misses you.
An orc comes into view. It is wielding a mace.
The orc shouts!
The centaur shoots an arrow.
The arrow hits you!
The centaur shoots an arrow.
The arrow hits you!
You see here 2 arrows.
The centaur shoots an arrow.
The arrow hits you!
* * * LOW HITPOINT WARNING * * *
You see here an arrow.
A leopard gecko comes into view.
The leopard gecko hisses angrily.
The ogre hits you with a giant club!
You die...

## ### #.. ..# #.# #.#
## #.# #.# . #.# #.# .#
# #.# #.####.##..#
#######.####...........
##
......)......cO@....l..
.
#$#.###.(##.######.#....
# #.#.#....##.### # .
### #.#....(........ #
#.. #.###...###.###.
#.####.# #.#.(..c..#...
...#.# ...(....#.#.#...
#.##.#.# ........#.#.#
#. #....... ............
#......#.#


You could see an ogre, a centaur and a leopard gecko.

Vanquished Creatures
  An ogre (D:5)
  A centaur (D:5)
  3 scorpions
  A howler monkey (D:3)
  An orc priest (D:4)
  A bullfrog skeleton (D:5)
  Terence (D:3)
  An iguana (D:4)
  A worker ant (D:5)
  A hound skeleton (D:4)
  6 adders
  A howler monkey skeleton (D:5)
  An adder skeleton (D:5)
  4 worms
  3 dart slugs
  A leopard gecko (D:5)
  4 orcs (D:4)
  3 ball pythons
  2 giant cockroaches
  5 goblins
  5 hobgoblins (D:1)
  12 jackals
  3 kobolds
  9 bats
  7 frilled lizards
  A quokka skeleton (D:5)
  17 rats
96 creatures vanquished.

Notes
Turn   | Place    | Note
-------+----------+-------------------------------------------
     0 | D:1      | scalarboson the Tengu Fire Elementalist began the quest for the Orb.
     0 | D:1      | Reached XP level 1. HP: 10/10 MP: 4/4
   131 | D:1      | Reached XP level 2. HP: 8/15 MP: 3/6
   275 | D:1      | Reached skill level 4 in Fire Magic
   589 | D:1      | Reached XP level 3. HP: 19/19 MP: 4/7
  1261 | D:2      | Reached XP level 4. HP: 15/24 MP: 0/8
  1471 | D:2      | Reached skill level 5 in Fire Magic
  2113 | D:2      | Noticed a moth of wrath
  2115 | D:2      | Found a bloodstained altar of Trog.
  2499 | D:3      | Noticed Terence
  2518 | D:3      | Killed Terence
  2518 | D:3      | Gained mutation: You can fly. [Tengu growth]
  2518 | D:3      | Reached XP level 5. HP: 22/28 MP: 4/9
  3074 | D:4      | Reached skill level 6 in Fire Magic
  3082 | D:4      | Reached XP level 6. HP: 29/32 MP: 4/10
  3110 | D:4      | Learned a level 5 spell: Fireball
  4052 | D:4      | Reached skill level 7 in Fire Magic
  4213 | D:4      | Found a staircase to the Ecumenical Temple.
  4223 | Temple   | Entered the Ecumenical Temple
  4230 | Temple   | Became a worshipper of Vehumet
  4473 | D:5      | Entered Level 5 of the Dungeon
  4687 | D:5      | Reached XP level 7. HP: 36/36 MP: 6/11
  4769 | D:5      | Reached skill level 8 in Fire Magic
  5283 | D:5      | Mangled by an ogre

Skill      XL: |  1  2  3  4  5  6  7 |
---------------+----------------------+-----
Fire Magic     | 4 5 6 7 8 |  8.7
Conjurations   | 2 3 4 |  4.2
Dodging        | |  2.1
Stealth        | |  2.0
Spellcasting   | |  2.0

Action                   |  1- 3 |  4- 6 |  7- 9 || total
-------------------------+-------+-------+-------++-------
Melee: Club              |    25 |       |       ||    25
       Kick              |    10 |    14 |     2 ||    26
       Dagger            |    11 |    87 |    13 ||   111
       Peck              |     1 |    13 |     2 ||    16
 Cast: Flame Tongue      |    52 |    90 |    17 ||   159
 Abil: Fly               |       |     1 |       ||     1
  Use: Scroll            |     2 |     9 |       ||    11
       Potion            |     2 |     4 |     2 ||     8
 Stab: Sleeping          |     2 |     2 |       ||     4
  Eat: Chunk             |     2 |     7 |     2 ||    11
       Bread ration      |       |     1 |       ||     1
       Beef jerky        |       |     1 |       ||     1
Armor: Robe              |     9 |    28 |     5 ||    42
Dodge: Dodged            |    39 |    79 |    16 ||   134
